 Dungeon Crawl Stone Soup version 0.29-a0-338-g1ff7896281 (webtiles) character file.

Game seed: 14548342554274191876

7477 Dauddaud the Severer (level 10, -2/88 HPs)
             Began as a Minotaur Berserker on Apr 18, 2022.
             Was a High Priest of Trog.
             Killed by divine providence
             ... invoked by an orc priest
              (12 damage)
             ... on level 8 of the Dungeon.
             The game lasted 00:17:42 (7697 turns).

Dauddaud the Severer (Minotaur Berserker)           Turns: 7697, Time: 00:17:43

Health: -2/88      AC: 16    Str: 27    XL:     10   Next: 94%
Magic:  9/9        EV: 12    Int:  4    God:    Trog [*****.]
Gold:   899        SH:  5    Dex:  9    Spells: 9/9 levels left

rFire   + . .      SeeInvis .   v - +1 war axe
rCold   x . .      Faith    .   (no shield)
rNeg    . . .      Spirit   .   J - +0 plate armour
rPois   .          Reflect  +   m - +2 hat
rElec   .          Harm     .   H - +0 cloak of Subjectivity {Regen+ rCorr}
rCorr   +          Rampage  .   (no gloves)
Will    .....                   (no boots)
Stlth   ..........              D - amulet of reflection
HPRegen 1.04/turn               j - ring of fire
MPRegen 0.11/turn               G - +4 ring of evasion

@: on berserk cooldown, slowed, very slow
A: horns 2, retaliatory headbutt
a: Renounce Religion, Berserk, Trog's Hand, Brothers in Arms


You were on level 8 of the Dungeon.
You worshipped Trog.
Trog was extremely pleased with you.
You visited 1 branch of the dungeon, and saw 8 of its levels.
You also visited: Bailey.

You collected 899 gold pieces.

Inventory:

Hand Weapons
 v - a +1 war axe (weapon)
Armour
 m - a +2 hat (worn)
 H - the +0 cloak of Subjectivity (worn) {Regen+ rCorr}
   (You found it on level 6 of the Dungeon)

   Regen:     It increases your rate of health regeneration.
   rCorr:     It protects you from acid and corrosion.
 J - a +0 plate armour (worn)
Jewellery
 a - a ring of poison resistance
 h - an amulet of magic regeneration
 j - a ring of fire (left hand)
 p - a ring of ice
 D - an amulet of reflection (around neck)
 G - a +4 ring of evasion (right hand)
Wands
 z - a wand of flame (10)
Scrolls
 c - 3 scrolls of fog
 d - 8 scrolls of enchant weapon
 g - a scroll of holy word
 i - a scroll of noise
 k - 2 scrolls of blinking
 l - a scroll of identify
 n - 3 scrolls of enchant armour
 o - 2 scrolls of torment
 u - 2 scrolls of magic mapping {unknown}
 w - 2 scrolls of summoning
 y - 3 scrolls of teleportation
 B - 2 scrolls of immolation {unknown}
 I - 3 scrolls of fear
Potions
 b - 3 potions of cancellation {unknown}
 e - 5 potions of curing {unknown}
 f - 3 potions of haste {unknown}
 q - a potion of magic {unknown}
 r - 2 potions of attraction {unknown}
 s - 4 potions of heal wounds {unknown}
 t - 3 potions of might {unknown}
 x - 2 potions of mutation {unknown}
 A - 2 potions of resistance
 E - 3 potions of invisibility {unknown}
 F - a potion of berserk rage {unknown}


   Skills:
 * Level 8.1 Fighting
 - Level 16.0 Axes
 * Level 7.5 Armour
 + Level 5.0 Dodging
 + Level 3.5 Evocations


You had 9 spell levels left.
You didn't know any spells.
Your spell library was empty.

Dungeon Overview and Level Annotations

Branches:
Dungeon (8/15)             Temple (0/1) D:5          Bailey (visited)
   Lair: D:8-11

Altars:
Zin

Shops:
D:4 :[   D:5 ((!(


Innate Abilities, Weirdness & Mutations

You have a pair of horns on your head.
You reflexively headbutt those who attack you in melee.


Message History

Items here: )) [ ††.
You slash the orc!
You kill the orc!
Trog accepts your kill.
You slash the orc!
You kill the orc!
Trog accepts your kill.
You closely miss the orc.
The orc priest mumbles some strange prayers to Beogh against you.
Beogh smites you!
* * * LOW HITPOINT WARNING * * *
Items here: )) [[ †.
You slice the orc!!
You kill the orc!
Trog accepts your kill.
You closely miss the orc. Your headbutt misses the orc. You slash the orc!
You kill the orc!
Trog accepts your kill.
You slash the orc!
You kill the orc!
Trog accepts your kill.
You slice the orc!!
You kill the orc!
Trog accepts your kill.
You slash the orc!
You kill the orc!
Trog accepts your kill.
The orc priest calls down the wrath of Beogh upon you.
Beogh smites you!
* * * LOW HITPOINT WARNING * * *
You barely miss the orc. You headbutt the orc!
You kill the orc!
Trog accepts your kill.
You are no longer berserk.
You are exhausted.
You feel yourself slow down.
The orc priest invokes the aid of Beogh against you.
Beogh smites you!
You die... ##.# ## ######## #.###. #......# ### #..##. #......# ...# ##.##) #......# ....###.##( #oooooo#

#.......()( #.oooo.#
####.##..(. #)###
#.....#. #@#.#
#####..... #)).#
###.....#.#. ######..#
#...#####...
#......####.### ##..
#......[.##..### ##.
...............### #.
...........###...#####.
..........## ###....#..
..........# ##......


You could see an orc priest and 7 orcs.

Vanquished Creatures
  Gastronok (D:8)
  Pikel (D:5)
  An orc knight (Bailey)
  Maggie (D:7)
  A troll (D:7)
  Sigmund (D:6)
  A wyvern (D:8)
  A steam dragon (D:6)
  Menkaure (D:6)
  Edmund (D:6)
  2 water moccasins
  An ice beast (D:6)
  2 sky beasts
  11 orc warriors
  2 ogres
  A centaur (D:6)
  A phantom (D:7)
  A kobold brigand (D:8)
  Blork the orc (D:4)
  2 bullfrogs
  2 necrophages
  6 scorpions
  6 killer bees (D:7)
  3 howler monkeys (D:6)
  The ghost of flt the Sneak, a weakling TeDe (D:5)
  5 hounds
  A wyvern simulacrum (D:5)
  4 jellies
  7 orc priests
  Ijyb (D:4)
  2 iguanas
  3 orc wizards
  4 bullfrog simulacra (D:5)
  A killer bee simulacrum (D:5)
  7 gnolls (D:5)
  6 adders
  A shadow imp (D:7)
  4 white imps
  An ufetubus (D:6)
  A worm (D:5)
  3 dart slugs
  55 orcs
  7 bats
  6 endoplasms
  4 giant cockroaches
  5 hobgoblins
  3 jackals (D:3)
  2 quokkas
  8 ball pythons
  12 goblins
  11 kobolds
  9 rats
225 creatures vanquished.

Vanquished Creatures (collateral kills)
  3 orc warriors (Bailey)
  An orc (Bailey)
4 creatures vanquished.

Vanquished Creatures (others)
  3 plants
3 creatures vanquished.

Grand Total: 232 creatures vanquished

Notes
Turn   | Place    | Note
-------+----------+-------------------------------------------
     0 | D:1      | Dauddaud the Minotaur Berserker began the quest for the
                  | Orb.
     0 | D:1      | Reached XP level 1. HP: 19/19 MP: 0/0
   106 | D:1      | Reached skill level 4 in Axes
   199 | D:1      | Reached XP level 2. HP: 26/26 MP: 1/1
   860 | D:2      | Found a faded altar of an unknown god.
   879 | D:2      | Reached ** piety under Trog
   880 | D:2      | Reached skill level 5 in Axes
   881 | D:2      | Reached XP level 3. HP: 25/31 MP: 2/2
  1610 | D:3      | Reached skill level 6 in Axes
  1610 | D:3      | Reached XP level 4. HP: 38/39 MP: 3/3
  2484 | D:4      | Noticed Ijyb
  2493 | D:4      | Killed Ijyb
  2494 | D:4      | Reached skill level 7 in Axes
  2494 | D:4      | Reached XP level 5. HP: 23/45 MP: 4/4
  2648 | D:4      | Found Linu Qoa's Self-Improvement Boutique.
  2708 | D:4      | Noticed Blork the orc
  2714 | D:4      | Killed Blork the orc
  2869 | D:4      | Reached skill level 8 in Axes
  2869 | D:4      | Reached XP level 6. HP: 48/51 MP: 5/5
  3034 | D:4      | Found Iri Tibos's Armour Boutique.
  3067 | D:5      | Entered Level 5 of the Dungeon
  3128 | D:5      | Reached skill level 9 in Axes
  3212 | D:5      | Found a runed translucent gate.
  3212 | D:5      | Found a runed translucent gate.
  3215 | D:5      | Found a runed translucent gate.
  3252 | D:5      | Reached XP level 7. HP: 52/57 MP: 6/6
  3498 | D:5      | Reached skill level 10 in Axes
  3500 | D:5      | Reached *** piety under Trog
  3697 | D:5      | Found Unwenol's Antique Weapon Emporium.
  3703 | D:5      | Found Odoanto's Weapon Boutique.
  3738 | D:5      | Noticed Pikel
  3754 | D:5      | Killed Pikel
  3755 | D:5      | Reached skill level 11 in Axes
  3755 | D:5      | Reached XP level 8. HP: 39/64 MP: 7/7
  3991 | D:5      | Found a glowing silver altar of Zin.
  4020 | D:5      | Reached skill level 12 in Axes
  4045 | D:5      | Found Exius's Weapon Shoppe.
  4049 | D:5      | Found Ydukoesm's Distillery.
  4210 | D:5      | Found a staircase to the Ecumenical Temple.
  4266 | D:5      | Found Uwunu's Weapon Shoppe.
  4592 | D:5      | Noticed flt's ghost (weakling TeDe)
  4602 | D:5      | Killed flt's ghost
  4638 | D:5      | Reached skill level 13 in Axes
  4974 | D:6      | Noticed Sigmund
  4987 | D:6      | Killed Sigmund
  5017 | D:6      | Noticed Edmund
  5028 | D:6      | Killed Edmund
  5292 | D:6      | Identified the +3 mace of the Final Chapter {venom, Str+2
                  | Int+3 SInv}
  5368 | D:6      | Identified the +0 cloak of Subjectivity {Regen+ rCorr}
  5458 | D:6      | Reached skill level 14 in Axes
  5554 | D:6      | Noticed Menkaure
  5559 | D:6      | Killed Menkaure
  5560 | D:6      | Reached XP level 9. HP: 70/70 MP: 8/8
  5735 | D:6      | Reached skill level 15 in Axes
  5827 | D:6      | Reached **** piety under Trog
  6068 | D:7      | Reached skill level 16 in Axes
  6245 | D:7      | Reached skill level 1 in Evocations
  6559 | D:7      | Reached skill level 5 in Fighting
  6723 | D:7      | Noticed Maggie
  6732 | D:7      | Killed Maggie
  6733 | D:7      | Reached XP level 10. HP: 81/81 MP: 9/9
  6888 | D:8      | Reached skill level 5 in Armour
  7123 | D:8      | Noticed Gastronok
  7138 | D:8      | Killed Gastronok
  7208 | D:8      | Found a flagged portal.
  7217 | Bailey   | Entered a bailey
  7380 | Bailey   | Reached ***** piety under Trog
  7445 | Bailey   | Noticed an orc knight
  7459 | Bailey   | Killed an orc knight
  7681 | D:8      | Reached skill level 5 in Dodging
  7697 | D:8      | Killed from afar by an orc priest

Illustrated notes

Levels and vault maps discovered:
D:1:      psy_arrival_conway, layout_rooms, ebering_dispersal_statue_hall,
          st_stairs_14
D:2:      layout_basic, shapermc_ecumenical_altar_totnotflames,
          serial_bayou_pond_b, chequers_jeans, hex_medium
D:3:      layout_loops_corners
D:4:      layout_cave_pools, serial_shops, shop, serial_bayou_ford_a,
          nicolae_shop_self_help, uniq_blork_the_orc, uniq_ijyb
D:5:      layout_loops_ring, mainiacjoe_overflow_boulevard,
          minmay_temple_entry_statues_pillars, gammafunk_ghost_icy,
          serial_shops, nicolae_shop_stone, kennysheep_mini, shop_fountains,
          shop_statue, nicolae_shop_crystal, uniq_pikel
D:6:      minmay_polygon_palace, layout_gridville, dk_vineyard_1,
          kennysheep_generic_room_14, uniq_sigmund, uniq_menkaure, uniq_edmund
D:7:      layout_loops_ring, grunt_decor_resistance, uniq_maggie
D:8:      layout_rooms, enter_bailey_3, special_room [special_room_orc],
          minmay_holes, uniq_gastronok

Skill      XL: |  1  2  3  4  5  6  7  8  9 10 |
---------------+-------------------------------+-----
Axes           | 4 5 6 7 8 9 11 14 16 | 16.0
Fighting       | 5 8 |  8.1
Armour         | 4 7 |  7.5
Evocations     | 1 3 |  3.5
Dodging        | 3 5 |  5.0

Action                   |  1- 3 |  4- 6 |  7- 9 | 10-12 || total
-------------------------+-------+-------+-------+-------++-------
Melee: Hand axe          |    87 |    23 |       |       ||   110
       Headbutt          |    12 |     9 |    43 |    28 ||    92
       Punch             |     1 |       |     3 |     2 ||     6
       War axe           |       |    51 |   237 |   144 ||   432
Invok: Berserk           |       |       |     3 |     3 ||     6
       Brothers in Arms  |       |       |       |     1 ||     1
  Use: Scroll            |       |     3 |       |     5 ||     8
Armor: Animal skin       |    11 |       |       |       ||    11
       Ring mail         |    23 |     6 |       |       ||    29
       Chain mail        |       |    19 |    74 |       ||    93
       Plate armour      |       |       |     6 |    44 ||    50
Dodge: Dodged            |    62 |    38 |    91 |    46 ||   237
Block: Other             |       |       |    37 |    18 ||    55
       Reflection        |       |       |     1 |       ||     1

Table legend: (Time is in decaauts)
 A = Elapsed time spent in this place.
 B = Non-inter-level travel time spent in this place.
 C = Inter-level travel time spent in this place.
 D = Time resting spent in this place.
 E = Time spent auto-exploring this place.
 F = Levels seen in this place.
 G = Mean time per level.
                   A        B        C        D        E       F      G
               +--------+--------+--------+--------+--------+-----+--------+
         Total |   7669 |   7398 |    271 |   1413 |   4665 |   9 |  852.1 |
       Dungeon |   7345 |   7074 |    271 |   1333 |   4575 |   8 |  918.1 |
        Bailey |    323 |    323 |      0 |     80 |     90 |   1 |  323.0 |
               +--------+--------+--------+--------+--------+-----+--------+

Top non-repeatable levels by time:
     D:5: 1897 daAuts
     D:6: 1091 daAuts
     D:3: 830 daAuts
     D:7: 798 daAuts
     D:4: 796 daAuts
     D:1: 740 daAuts
     D:2: 715 daAuts
     D:8: 474 daAuts
  Bailey: 323 daAuts
